 Dungeon Crawl Stone Soup version 0.25-a0-1126-g5fd7b56c60 (webtiles) character file.

Game seed: 16864279937559935836, levelgen mode: deterministic

53 Essalna the Firebug (level 3, 0/19 HPs)
             Began as a Gargoyle Fire Elementalist on May 19, 2020.
             Slain by a hobgoblin (4 damage)
             ... led by Robin
             ... on level 2 of the Dungeon.
             The game lasted 00:04:54 (1701 turns).

Essalna the Firebug (Gargoyle Fire Elementalist)    Turns: 1701, Time: 00:04:55

Health: 0/19       AC:  5    Str: 11    XL:     3   Next: 89%
Magic:  7/7        EV: 12    Int: 16    God:
Gold:   54         SH:  0    Dex: 10    Spells: 6/7 levels left

rFire    . . .     SeeInvis .   f - +1 spear (vamp)
rCold    . . .     Gourm    .   (no shield)
rNeg     + . .     Faith    .   a - +0 robe
rPois    ∞         Spirit   .   (no helmet)
rElec    +         Reflect  .   (no cloak)
rCorr    .         Harm     .   (no gloves)
MR       .....                  (no boots)
Stlth    ++........             (no amulet)
HPRegen  0.06/turn              (no ring)
MPRegen  0.10/turn              (no ring)

@: no status effects
A: negative energy resistance 1, electricity resistance, unbreathing,
petrification resistance, rot immunity, AC +3
a: no special abilities


You were on level 2 of the Dungeon.
You were not hungry.

You visited 1 branch of the dungeon, and saw 2 of its levels.

You collected 54 gold pieces.

Inventory:

Hand Weapons
 f - a +1 vampiric spear (weapon)
 g - a +0 dagger
Armour
 a - a +0 robe (worn)
Scrolls
 b - a scroll of fog {unknown}
 d - a scroll of fear {unknown}
 e - a scroll of immolation {unknown}
Comestibles
 c - 3 rations
 h - 9 chunks of flesh


   Skills:
 - Level 2.0 Dodging
 - Level 2.1 Stealth
 + Level 2.9 Spellcasting
 - Level 1.1 Conjurations
 + Level 3.7 Fire Magic


You had 6 spell levels left.
You knew the following spells:

 Your Spells              Type           Power        Failure   Level  Hunger
a - Foxfire               Conj/Fire      ##..         7%          1    #......

Your spell library contained the following spells:

 Spells                   Type           Power        Failure   Level  Hunger
 Conjure Flame            Conj/Fire      ##......     21%         3    ###....
 Inner Flame              Hex/Fire       #.......     26%         3    ###....
 Sticky Flame             Conj/Fire      ##......     56%         4    #####..
 Fireball                 Conj/Fire      ##........   88%         5    ######.


Dungeon Overview and Level Annotations

Branches:
Dungeon (2/15)

Altars:

Annotations:
D:2 Robin


Innate Abilities, Weirdness & Mutations

You are resistant to torment.
Your stone body is resilient. (AC +3)
You are immune to poison.
You resist negative energy. (rN+)
You are resistant to electric shocks. (rElec)
You can survive without breathing.
You are immune to petrification.
You are immune to rotting.


Message History

Robin hits you with a cursed +0 mace.
The hobgoblin hits you but does no damage.
The goblin hits you.
You hit the goblin.
You kill the goblin!
The hobgoblin hits you. Robin barely misses you.
Robin throws the goblin at you!
* * * LOW HITPOINT WARNING * * *
The goblin closely misses you. The goblin hits you.
* * * LOW HITPOINT WARNING * * *
The hobgoblin no longer looks unusually strong.
Robin says, "We wiped out the hill dwarves - you're next!"
Robin roars a battlecry!
The hobgoblin goes into a battle-frenzy!
Robin roars a battlecry!
The goblin no longer looks unusually strong.
There is a stone staircase leading up here.
The hobgoblin hits you.
You die...

#..#######...#.#.##
##.....######.#.#..
#.g.##.#.....[#.####
#.#.##........#.#
#####g#g##...####...#
#....g#.##...# #.###
#.....#..#g##...# #.#
..### #..#g.....# #.#
#g##@.....# #.#
#g#..###.#####.######
#g)#..........[.......
#.##.####.........####
..#... #######.#....#
..##... #.#..#.# ..#
..... #.####.# .##
..#... #......# ##
..##.... ########


You could see Robin, 2 hobgoblins and a goblin.

Vanquished Creatures
  An adder (D:2)
  An ooze (D:1)
  2 leopard geckos (D:1)
  5 bats (D:1)
  A giant cockroach (D:1)
  6 goblins
  5 hobgoblins
  7 jackals (D:1)
  3 frilled lizards
  2 kobolds (D:1)
  3 rats (D:1)
36 creatures vanquished.

Vanquished Creatures (others)
  51 foxfires (D:1)
51 creatures vanquished.

Grand Total: 87 creatures vanquished

Notes
Turn   | Place    | Note
-------+----------+-------------------------------------------
     0 | D:1      | Essalna the Gargoyle Fire Elementalist began the quest for
                  | the Orb.
     0 | D:1      | Reached XP level 1. HP: 10/10 MP: 3/3
   105 | D:2      | Found a faded altar of an unknown god.
   208 | D:1      | Reached XP level 2. HP: 4/15 MP: 0/5
   754 | D:1      | Reached XP level 3. HP: 5/19 MP: 3/6
  1676 | D:2      | Noticed Robin
  1701 | D:2      | Slain by a hobgoblin

Illustrated notes

Levels and vault maps discovered:
D:1:      psy_arrival_dodecagon, layout_basic, minmay_misc_feat_iff
D:2:      minmay_evil_eye, layout_basic, good_gods_mini_temple,
          chequers_ecumenical_altar_simple_redux, uniq_robin

Skill      XL: |  1  2 |
---------------+-------+-----
Dodging        | 2 |  2.0
Stealth        | |  2.1
Spellcasting   | |  2.9
Conjurations   | |  1.1
Fire Magic     | |  3.7

Action                   || total
-------------------------++-------
Melee: Unarmed           ||    25
       Dagger            ||    24
       Spear             ||    53
 Cast: Foxfire           ||    30
 Stab: Sleeping          ||     2
  Eat: Chunk             ||     3
Armor: Robe              ||    52
Dodge: Dodged            ||   116

Table legend:
 A = Non-vault XP
 B = Vault XP
 C = Vault XP percentage of total XP
 D = Non-vault monster count
 E = Vault monster count
 F = Vault count percentage of total count
                 A         B        C        D         E       F
            +---------+---------+-------+---------+---------+-------
      Total |      68 |       9 |  11.7 |      31 |       5 |  13.9
            +---------+---------+-------+---------+---------+-------
        D:1 |      52 |       0 |   0.0 |      28 |       0 |   0.0
        D:2 |      16 |       9 |  36.0 |       3 |       5 |  62.5
            +---------+---------+-------+---------+---------+-------
